 Dungeon Crawl Stone Soup version 0.28-a0-537-g3bccd9ccbf (webtiles) character file.

Game seed: 15845206951929162492

16 meatgazer the Skirmisher (level 2, 0/36 HPs)
             Began as a Demonspawn Abyssal Knight on Sept 27, 2021.
             Was a Follower of Lugonu.
             Slain by a jackal (2 damage)
             ... on level 1 of the Dungeon.
             The game lasted 00:01:33 (507 turns).

meatgazer the Skirmisher (Demonspawn Abyssal Knight) Turns: 507, Time: 00:01:33

Health: 0/36       AC: 21    Str: 13    XL:     2   Next: 41%
Magic:  4/4        EV:  2    Int: 11    God:    Lugonu [*.....]
Gold:   21         SH:  0    Dex: 19    Spells: 1/1 levels left

rFire   . . .      SeeInvis .   a - +1 falchion
rCold   . . .      Faith    .   (no shield)
rNeg    + + +      Spirit   .   (armour currently unavailable)
rPois   +          Reflect  .   (helmet currently unavailable)
rElec   .          Harm     .   (cloak currently unavailable)
rCorr   .          Rampage  .   (gloves currently unavailable)
Will    .....      NoTele   +   (boots currently unavailable)
Stlth   ++........              (no amulet)
HPRegen 0.12/turn               f - +6 ring of dexterity
MPRegen 0.09/turn               (no ring)

@: tree-form
A: stationary, stasis, torment immunity, boosted hp, (large bone plates 1)
a: Renounce Religion, Depart the Abyss


You were on level 1 of the Dungeon.
You worshipped Lugonu.
Lugonu was aware of your devotion.
You were a tree.
You visited 1 branch of the dungeon, and saw 1 of its levels.
You visited the Abyss 1 time.

You collected 21 gold pieces.

Inventory:

Hand Weapons
 a - a +1 falchion (weapon)
Armour
 b - a +0 leather armour (melded)
Jewellery
 f - a +6 ring of dexterity (left branch)


   Skills:
 + Level 3.2 Fighting
 + Level 2.0 Long Blades
 + Level 2.0 Armour
 + Level 1.1 Dodging
 + Level 2.9 Invocations


You had one spell level left.
You didn't know any spells.
Your spell library was empty.

Dungeon Overview and Level Annotations

Branches:
Dungeon (1/15)

Altars:


Innate Abilities, Weirdness & Mutations

You are a tree.
Your roots penetrate the ground, keeping you stationary.
You cannot be teleported.
You are immune to unholy pain and torment.
Your maximum health is greatly increased.
Your equipment is partially melded.
((You are partially covered in large bone plates. (SH +4)))


Message History

Lugonu accepts your kill.
You feel sick.
You feel sick.
You are no longer poisoned.
Things that are here:
a +1 dagger of venom; a goblin corpse; a bat corpse A jackal comes into view.
A jackal comes into view.
The jackal barely misses you. x2
A goblin comes into view. It is wielding a +0 dagger.
The bat hits you but does no damage.
The jackal bites you but does no damage.
You aren't carrying any scrolls.
It was a potion of lignification.
You turn into a tree.
Your +0 leather armour melds into your body.
Your roots penetrate the ground.
The goblin shouts!
You hear a bark!
The bat hits you but does no damage.
The jackal bites you but does no damage.
You are too injured to fight recklessly!
You hit the jackal.
The jackal is heavily wounded.
The jackal bites you but does no damage.
The jackal bites you.
* * * LOW HITPOINT WARNING * * *
You miss the jackal.
The jackal is heavily wounded.
The jackal bites you but does no damage.
The jackal barely misses you.
The jackal bites you but does no damage. x2
You hit the jackal but do no damage.
The jackal is heavily wounded.
The jackal barely misses you.
The jackal bites you but does no damage. x2
You barely miss the jackal.
The jackal is heavily wounded.
The jackal bites you.
* * * LOW HITPOINT WARNING * * *
The jackal bites you.
You die...

#..?.. #####
...... #...#
...... ### #...#
#####...... ..#
#...# #...>.....
..###...#
#........
..#.....#####....#
...........)....♣#
#############†.hh#
##.g#b..#
#.....h.. ..
#......... #..
#......... ....
.......... #...
.#.#....... #..


You could see 2 jackals, a goblin and a bat.

Vanquished Creatures
  A dart slug (D:1)
  3 endoplasms (D:1)
  2 goblins (D:1)
  A hobgoblin (D:1)
  A quokka (D:1)
  2 ball pythons (D:1)
  3 bats (D:1)
  A rat (D:1)
14 creatures vanquished.

Vanquished Creatures (others)
  80 plants (D:1)
80 creatures vanquished.

Grand Total: 94 creatures vanquished

Notes
Turn   | Place    | Note
-------+----------+-------------------------------------------
     0 | Abyss:1  | meatgazer the Demonspawn Abyssal Knight began the quest for
                  | the Orb.
     0 | Abyss:1  | Reached XP level 1. HP: 18/18 MP: 2/2
    92 | Abyss:2  | Noticed a rakshasa
    94 | D:1      | Escaped the Abyss
   133 | D:1      | Found a faded altar of an unknown god.
   148 | D:1      | Reached skill level 1 in Dodging
   153 | D:1      | Reached * piety under Lugonu
   163 | D:1      | Gained mutation: You are partially covered in large bone
                  | plates. (SH +4) [demonic ancestry]
   163 | D:1      | Reached XP level 2. HP: 2/24 MP: 4/4
   507 | D:1      | Slain by a jackal

Illustrated notes

Levels and vault maps discovered:
D:1:      roderic_crop_circles_arrival_small, layout_rooms,
          shapermc_ecumenical_altar_pompeii, st_stairs_13

Skill      XL: |  1  2 |
---------------+-------+-----
Dodging        | 1 |  1.1
Armour         | 2 |  2.0
Long Blades    | 2 |  2.0
Fighting       | |  3.2
Invocations    | |  2.9

Action                   || total
-------------------------++-------
Melee: Falchion          ||    43
Invok: Depart the Abyss  ||     1
  Use: Scroll            ||     3
       Potion            ||     1
Armor: Leather armour    ||    12
       Skin              ||     8
Dodge: Dodged            ||    41
Block: Other             ||     3

Table legend: (Time is in decaauts)
 A = Elapsed time spent in this place.
 B = Non-inter-level travel time spent in this place.
 C = Inter-level travel time spent in this place.
 D = Time resting spent in this place.
 E = Time spent auto-exploring this place.
 F = Levels seen in this place.
 G = Mean time per level.
                   A        B        C        D        E       F      G
               +--------+--------+--------+--------+--------+-----+--------+
         Total |    514 |    514 |      0 |    142 |    217 |   3 |  171.3 |
       Dungeon |    420 |    420 |      0 |    142 |    144 |   1 |  420.0 |
         Abyss |     93 |     93 |      0 |      0 |     73 |   2 |   46.5 |
               +--------+--------+--------+--------+--------+-----+--------+

Top non-repeatable levels by time:
     D:1: 420 daAuts
 Abyss:2: 78 daAuts
 Abyss:1: 15 daAuts
